NCAA
IOWA HAWKEYES @ VIRGINIA TECH HOKIES
05/14/2025
 
TOP OF THE 1ST
Iowa Hawkeyes batting - Pitching for Virginia Tech Hokies : RHP Ron Kelly
Pitching: RHP Ron Kelly
Batting: RHB Gary Simmons 0-0: Called Strike
0-1: Ball
1-1: Swinging Strike
1-2: Strikes out swinging
Batting: RHB Tad Greene 0-0: SINGLE (Groundball, 6)
Batting: RHB Kelsey Scott 0-0: Ball
1-0: Foul Ball, location: 2F
1-1: Foul Ball, location: 2F
1-2: Ball
2-2: Fly out, F8 (Flyball, 8LM)
Batting: RHB Rob Byrd 0-0: Foul Ball, location: 2F
Single, Error in OF, E8, batter to second base
Tad Greene to third
Batting: RHB Alexander Barr 0-0: Ball
1-0: Fly out, F3 (Popup, 3SF)
Top of the 1st over - 0 run(s), 2 hit(s), 1 error(s), 2 left on base; Iowa 0 - Virginia Tech 0
BOTTOM OF THE 1ST
Virginia Tech Hokies batting - Pitching for Iowa Hawkeyes : RHP Steve Bigham
Pitching: RHP Steve Bigham
Batting: RHB Doug Hunt 0-0: Ball
1-0: Fly out, F9 (Line Drive, 9M)
Batting: LHB John Eardley 0-0: Foul Ball, location: 2F
0-1: Called Strike
0-2: Ball
1-2: Ball
2-2: Foul Ball, location: 2F
2-2: Foul Ball, location: 2F
2-2: SINGLE (Groundball, 6M)
Batting: RHB Kenny Pruitt 0-0: Ball
1-0: Ball
2-0: 2-RUN HOME RUN (Flyball, 78XD), Distance : 374 ft
Batting: LHB Juan Carlos Manuel 0-0: Ball
1-0: Called Strike
1-1: Ball
2-1: Foul Ball, location: 2F
2-2: Strikes out swinging
Batting: RHB José Dávila 0-0: Ball
1-0: Swinging Strike
1-1: Called Strike
1-2: Foul Ball, location: 2F
1-2: Ball
2-2: Ball
3-2: Base on Balls
Batting: RHB George Martin 0-0: Ball
José Dávila steals 2nd base
1-0: Called Strike
1-1: Ground out 5-3 (Groundball, 5L)
Bottom of the 1st over - 2 run(s), 2 hit(s), 0 error(s), 1 left on base; Iowa 0 - Virginia Tech 2
TOP OF THE 2ND
Iowa Hawkeyes batting - Pitching for Virginia Tech Hokies : RHP Ron Kelly
Batting: RHB Joe Brinkman 0-0: Called Strike
0-1: Ball
1-1: Foul Ball, location: 2F
1-2: Ball
2-2: Fly out, F9 (Flyball, 89M)
Batting: RHB Paul Dunn 0-0: Swinging Strike
0-1: Ball
1-1: Foul Ball, location: 2F
1-2: Ball
2-2: DOUBLE (Line Drive, 5L)
Batting: SHB Travis Martin 0-0: Foul Ball, location: 2F
0-1: Foul Ball, location: 2F
0-2: Ball
1-2: Foul Ball, location: 2F
1-2: Foul Ball, location: 2F
1-2: Ground out 6-3 (Groundball, 6M)
Paul Dunn to third
Batting: RHB Vincent Powers 0-0: Called Strike
0-1: Swinging Strike
0-2: Ball
1-2: Strikes out swinging
Top of the 2nd over - 0 run(s), 1 hit(s), 0 error(s), 1 left on base; Iowa 0 - Virginia Tech 2
BOTTOM OF THE 2ND
Virginia Tech Hokies batting - Pitching for Iowa Hawkeyes : RHP Steve Bigham
Batting: LHB Nick Moss 0-0: Called Strike
0-1: Ball
1-1: Called Strike
1-2: Foul Ball, location: 2F
1-2: Fly out, F8 (Flyball, 8LS)
Batting: RHB Mark Gibson 0-0: Ball
1-0: Ground out 6-3 (Groundball, 6)
Batting: RHB Juan Ventura 0-0: Called Strike
0-1: Ground out 4-3 (Groundball, 34)
Bottom of the 2nd over - 0 run(s), 0 hit(s), 0 error(s), 0 left on base; Iowa 0 - Virginia Tech 2
TOP OF THE 3RD
Iowa Hawkeyes batting - Pitching for Virginia Tech Hokies : RHP Ron Kelly
Batting: RHB Gary Simmons 0-0: Called Strike
0-1: Ball
1-1: Swinging Strike
1-2: Strikes out swinging
Batting: RHB Tad Greene 0-0: Ball
1-0: Foul Ball, location: 2F
1-1: Called Strike
1-2: Ball
2-2: Foul Ball, location: 2F
2-2: Ball
3-2: Base on Balls
Batting: RHB Kelsey Scott 0-0: Ball
1-0: Ball
2-0: Called Strike
2-1: Ball
3-1: Fly out, F8 (Flyball, 8RXD)
Batting: RHB Rob Byrd 0-0: Called Strike
0-1: SINGLE (Line Drive, 6D)
Tad Greene to second
Batting: RHB Alexander Barr 0-0: Called Strike
0-1: Swinging Strike
0-2: Strikes out swinging
Top of the 3rd over - 0 run(s), 1 hit(s), 0 error(s), 2 left on base; Iowa 0 - Virginia Tech 2
BOTTOM OF THE 3RD
Virginia Tech Hokies batting - Pitching for Iowa Hawkeyes : RHP Steve Bigham
Batting: RHB Doug Hunt 0-0: Called Strike
0-1: Ball
1-1: SINGLE (Groundball, 6MD)
Batting: LHB John Eardley 0-0: Called Strike
0-1: Ball
1-1: Grounds into double play, 4-6-3 (Groundball, 4)
Batting: RHB Kenny Pruitt 0-0: Called Strike
0-1: Reached on Error, E6 (Line Drive, 6)
Batting: LHB Juan Carlos Manuel 0-0: Ball
1-0: Foul Ball, location: 2F
1-1: Called Strike
1-2: Ball
2-2: Foul Ball, location: 2F
2-2: Foul Ball, location: 2F
2-2: Strikes out swinging
Bottom of the 3rd over - 0 run(s), 1 hit(s), 1 error(s), 1 left on base; Iowa 0 - Virginia Tech 2
TOP OF THE 4TH
Iowa Hawkeyes batting - Pitching for Virginia Tech Hokies : RHP Ron Kelly
Batting: RHB Joe Brinkman 0-0: Swinging Strike
0-1: Foul Ball, location: 2F
0-2: Strikes out looking
Batting: RHB Paul Dunn 0-0: Called Strike
0-1: Ball
1-1: Ball
2-1: Fly out, F4 (Popup, 34D)
Batting: SHB Travis Martin 0-0: Foul Ball, location: 2F
0-1: Ball
1-1: Ball
2-1: Called Strike
2-2: Ball
3-2: Base on Balls
Batting: RHB Vincent Powers 0-0: Ball
1-0: Called Strike
1-1: Ball
2-1: SINGLE (Flyball, 78M)
Travis Martin to second
Batting: RHB Gary Simmons 0-0: Ball
1-0: Swinging Strike
1-1: SINGLE (Groundball, 4MD)
Travis Martin to third
Vincent Powers to second
Runner from 3rd tries for Home, throw and OUT!
Top of the 4th over - 0 run(s), 2 hit(s), 0 error(s), 2 left on base; Iowa 0 - Virginia Tech 2
BOTTOM OF THE 4TH
Virginia Tech Hokies batting - Pitching for Iowa Hawkeyes : RHP Steve Bigham
Batting: RHB José Dávila 0-0: Foul Ball, location: 2F
0-1: Fly out, F8 (Flyball, 8RM)
Batting: RHB George Martin 0-0: SOLO HOME RUN (Flyball, 78XD), Distance : 369 ft
Batting: LHB Nick Moss 0-0: Called Strike
0-1: Ball
1-1: Ball
2-1: Foul Ball, location: 2F
2-2: Strikes out swinging
Batting: RHB Mark Gibson 0-0: Ball
1-0: Ball
2-0: Ball
3-0: Called Strike
3-1: Base on Balls
Pitching: RHP Greg Miller
Batting: RHB Juan Ventura 0-0: Ball
1-0: Swinging Strike
1-1: Called Strike
Mark Gibson steals 2nd base
1-2: Ball
2-2: Ball
3-2: Foul Ball, location: 2F
3-2: Foul Ball, location: 2F
3-2: Foul Ball, location: 2F
3-2: Strikes out swinging
Bottom of the 4th over - 1 run(s), 1 hit(s), 0 error(s), 1 left on base; Iowa 0 - Virginia Tech 3
TOP OF THE 5TH
Iowa Hawkeyes batting - Pitching for Virginia Tech Hokies : RHP Ron Kelly
Batting: RHB Tad Greene 0-0: Ball
1-0: Ball
2-0: Ball
3-0: Called Strike
3-1: Base on Balls
Pitching: RHP Markus Flanagan
Batting: RHB Kelsey Scott 0-0: Ball
1-0: Foul Ball, location: 2F
1-1: Foul Ball, location: 2F
1-2: Hit by Pitch
Tad Greene to second
Batting: RHB Rob Byrd 0-0: Ball
1-0: Reached on error, E6 (Groundball, 6)
Tad Greene to third
Kelsey Scott to second
Batting: RHB Alexander Barr 0-0: Called Strike
0-1: Grounds into double play, 4-6-3 (Groundball, 34)
Tad Greene scores
Kelsey Scott to third
Batting: RHB Joe Brinkman 0-0: Ball
1-0: Foul Ball, location: 2F
1-1: Ball
2-1: Called Strike
2-2: Ball
3-2: Foul Ball, location: 2F
3-2: Fly out, F4 (Line Drive, 4)
Top of the 5th over - 1 run(s), 0 hit(s), 1 error(s), 1 left on base; Iowa 1 - Virginia Tech 3
BOTTOM OF THE 5TH
Virginia Tech Hokies batting - Pitching for Iowa Hawkeyes : RHP Greg Miller
Batting: RHB Doug Hunt 0-0: Ground out 4-3 (Groundball, 4)
Batting: LHB John Eardley Single, Error in OF, E7, batter to second base
Batting: RHB Kenny Pruitt 0-0: Ball
1-0: Ball
2-0: Called Strike
2-1: Foul Ball, location: 2F
2-2: Foul Ball, location: 2F
2-2: Foul Ball, location: 2F
2-2: Strikes out swinging
Batting: LHB Juan Carlos Manuel 0-0: Ball
1-0: Ground out 3-1 (Groundball, 3L)
Bottom of the 5th over - 0 run(s), 1 hit(s), 1 error(s), 1 left on base; Iowa 1 - Virginia Tech 3
TOP OF THE 6TH
Iowa Hawkeyes batting - Pitching for Virginia Tech Hokies : RHP Markus Flanagan
Batting: RHB Paul Dunn 0-0: Ground out 5-3 (Groundball, 5S)
Batting: SHB Travis Martin 0-0: Ball
1-0: SINGLE (Groundball, 4MD) (infield hit)
Batting: RHB Vincent Powers 0-0: Grounds into double play, 4-6-3 (Groundball, 34)
Top of the 6th over - 0 run(s), 1 hit(s), 0 error(s), 0 left on base; Iowa 1 - Virginia Tech 3
BOTTOM OF THE 6TH
Virginia Tech Hokies batting - Pitching for Iowa Hawkeyes : RHP Greg Miller
Batting: RHB José Dávila 0-0: Foul Ball, location: 2F
0-1: Fly out, F9 (Line Drive, 89M)
Batting: RHB George Martin 0-0: Ball
1-0: Fly out, F4 (Popup, 34D)
Batting: LHB Nick Moss 0-0: Called Strike
0-1: Ball
1-1: Swinging Strike
1-2: Foul Ball, location: 2F
1-2: Strikes out swinging
Bottom of the 6th over - 0 run(s), 0 hit(s), 0 error(s), 0 left on base; Iowa 1 - Virginia Tech 3
TOP OF THE 7TH
Iowa Hawkeyes batting - Pitching for Virginia Tech Hokies : RHP Markus Flanagan
Pitching: RHP John Harris
Batting: RHB Gary Simmons 0-0: Ball
1-0: Ball
2-0: Ball
3-0: Base on Balls
Batting: RHB Tad Greene 0-0: Grounds into double play, 4-6-3 (Groundball, 34)
Batting: RHB Kelsey Scott 0-0: Ball
1-0: Ball
2-0: Ball
3-0: Called Strike
3-1: Base on Balls
Batting: RHB Rob Byrd 0-0: Ball
1-0: Ball
2-0: Called Strike
2-1: Ball
3-1: Base on Balls
Kelsey Scott to second
Batting: RHB Alexander Barr 0-0: SINGLE (Groundball, 6M)
Kelsey Scott to third
Rob Byrd to second
Runner from 3rd tries for Home, SAFE, no throw or cutoff
Batting: RHB Joe Brinkman 0-0: Ground out 6-3 (Groundball, 6)
Top of the 7th over - 1 run(s), 1 hit(s), 0 error(s), 2 left on base; Iowa 2 - Virginia Tech 3
BOTTOM OF THE 7TH
Virginia Tech Hokies batting - Pitching for Iowa Hawkeyes : RHP Greg Miller
Pitching: RHP Jim Henson
Batting: RHB Mark Gibson 0-0: Fly out, F8 (Flyball, 8RM)
Batting: RHB Juan Ventura 0-0: Called Strike
0-1: Ball
1-1: Called Strike
1-2: Strikes out looking
Batting: RHB Doug Hunt 0-0: Ball
1-0: Ball
2-0: Called Strike
2-1: Called Strike
2-2: Ball
3-2: Base on Balls
Batting: LHB John Eardley 0-0: Ball
1-0: Called Strike
1-1: Foul Ball, location: 2F
1-2: Strikes out swinging
Bottom of the 7th over - 0 run(s), 0 hit(s), 0 error(s), 1 left on base; Iowa 2 - Virginia Tech 3
TOP OF THE 8TH
Iowa Hawkeyes batting - Pitching for Virginia Tech Hokies : RHP John Harris
Pitching: RHP Héctor Gonzáles
Now in LF: Francisco Medina
Batting: RHB Paul Dunn 0-0: SINGLE (Line Drive, 6MD)
Batting: SHB Travis Martin 0-0: Ball
1-0: Sac Bunt - play at first, batter OUT! 1-4
Paul Dunn to second
Batting: RHB Vincent Powers 0-0: Swinging Strike
0-1: Swinging Strike
0-2: Strikes out looking
Batting: RHB Gary Simmons 0-0: Ball
1-0: Swinging Strike
1-1: 2-RUN HOME RUN (Flyball, 8LXD), Distance : 399 ft
Batting: RHB Tad Greene 0-0: Ball
1-0: Ball
2-0: Ball
3-0: Called Strike
3-1: Base on Balls
Batting: RHB Kelsey Scott 0-0: Foul Ball, location: 2F
0-1: Foul Ball, location: 2F
0-2: Foul Ball, location: 2F
0-2: Ball
1-2: Foul Ball, location: 2F
1-2: Foul Ball, location: 2F
1-2: Ball
2-2: Foul Ball, location: 2F
2-2: Foul Ball, location: 2F
2-2: Ball
3-2: Base on Balls
Tad Greene to second
Batting: RHB Rob Byrd 0-0: Called Strike
0-1: Ball
1-1: Called Strike
1-2: SINGLE (Groundball, 56)
Tad Greene to third
Kelsey Scott to second
Runner from 3rd tries for Home, SAFE, throw made at trailing runner, OUT at third!
Top of the 8th over - 3 run(s), 3 hit(s), 0 error(s), 1 left on base; Iowa 5 - Virginia Tech 3
BOTTOM OF THE 8TH
Virginia Tech Hokies batting - Pitching for Iowa Hawkeyes : RHP Jim Henson
Batting: RHB Kenny Pruitt 0-0: Ground out 6-3 (Groundball, 6)
Batting: LHB Juan Carlos Manuel 0-0: Called Strike
0-1: Ball
1-1: Ball
2-1: Called Strike
2-2: Ball
3-2: Foul Ball, location: 2F
3-2: Base on Balls
Pitching: RHP Tommy Waters
Batting: RHB José Dávila 0-0: Ball
1-0: Swinging Strike
1-1: Called Strike
1-2: Foul Ball, location: 2F
1-2: Ball
2-2: Ball
3-2: Base on Balls
Juan Carlos Manuel to second
Batting: RHB George Martin 0-0: Ball
1-0: Ball
2-0: Called Strike
2-1: Called Strike
2-2: Ball
3-2: Ground out 3-1 (Groundball, 34S)
Juan Carlos Manuel to third
José Dávila to second
Pitching: LHP Al Atkins
Batting: LHB Nick Moss 0-0: Ball
1-0: Swinging Strike
1-1: Fly out, F2 (Popup, 2L)
Bottom of the 8th over - 0 run(s), 0 hit(s), 0 error(s), 2 left on base; Iowa 5 - Virginia Tech 3
TOP OF THE 9TH
Iowa Hawkeyes batting - Pitching for Virginia Tech Hokies : RHP Héctor Gonzáles
Pitching: LHP Phil Green
Batting: RHB Alexander Barr 0-0: Ball
1-0: Ground out 5-3 (Groundball, 15S)
Batting: RHB Joe Brinkman 0-0: Ball
1-0: Called Strike
1-1: Foul Ball, location: 2F
1-2: Foul Ball, location: 2F
1-2: Ground out 5-3 (Groundball, 5)
Batting: RHB Paul Dunn 0-0: Ball
1-0: SINGLE (Groundball, 56D)
Batting: SHB Travis Martin 0-0: Called Strike
0-1: Fly out, F6 (Line Drive, 6)
Top of the 9th over - 0 run(s), 1 hit(s), 0 error(s), 1 left on base; Iowa 5 - Virginia Tech 3
BOTTOM OF THE 9TH
Virginia Tech Hokies batting - Pitching for Iowa Hawkeyes : LHP Al Atkins
Pitching: RHP Denny Griffin
Batting: RHB Mark Gibson 0-0: Called Strike
0-1: Ball
1-1: Ball
2-1: Ground out U3 (Groundball, 3)
Batting: RHB Juan Ventura 0-0: Ground out U3 (Groundball, 3L)
Batting: RHB Francisco Medina 0-0: Ground out 4-3 (Groundball, 4)
Bottom of the 9th over - 0 run(s), 0 hit(s), 0 error(s), 0 left on base; Iowa 5 - Virginia Tech 3
This league is powered by Out of the Park Baseball, the baseball management simulation game for PC, Mac and Linux
Tuesday, August 2nd, 2016 - OOTP Baseball 16.8 Build 38